 Dungeon Crawl Stone Soup version 0.29.1-15-g9cfb28693d (webtiles) character file.

Game seed: 8217084942834313974

133 Atelerd the Digger (level 5, -3/33 HPs)
             Began as an Octopode Earth Elementalist on May 1, 2023.
             Was an Initiate of Sif Muna.
             Killed by divine providence
             ... invoked by an orc priest
              (12 damage)
             ... on level 4 of the Dungeon.
             The game lasted 00:02:41 (3179 turns).

Atelerd the Digger (Octopode Earth Elementalist)    Turns: 3179, Time: 00:02:42

Health: -3/33      AC:  5    Str:  5    XL:     5   Next: 16%
Magic:  6/9        EV: 13    Int: 34    God:    Sif Muna [......]
Gold:   186        SH:  0    Dex: 12    Spells: 5/10 levels left

rFire   . . .      SeeInvis .   r - +5 spear "Ituseaxi" {vorpal, Will+ Str-2 Int+8}
rCold   . . .      Faith    .   (no shield)
rNeg    . . .      Spirit   .   (helmet restricted)
rPois   .          Reflect  .   (no amulet)
rElec   .          Harm     .   u - +4 ring of protection
rCorr   .          Rampage  .   q - +6 ring of intelligence
Will    +....                   (no ring)
Stlth   +++.......              (no ring)
HPRegen 0.11/turn               (no ring)
MPRegen 0.11/turn               (no ring)
                                (no ring)
                                (no ring)

@: no status effects
A: almost no armour, amphibious, 8 rings, camouflage 1, gelatinous body 1,
(nimble swimmer 1), tentacles
a: Renounce Religion


You were on level 4 of the Dungeon.
You worshipped Sif Muna.
Sif Muna was noncommittal.
You visited 1 branch of the dungeon, and saw 4 of its levels.

You collected 186 gold pieces.

Inventory:

Hand Weapons
 e - a +0 dagger
 k - a +1 mace of protection
 r - the +5 spear "Ituseaxi" (weapon) {vorpal, Will+ Str-2 Int+8}
   (You found it on level 2 of the Dungeon)

   It inflicts extra damage upon your enemies.
   Str:       It affects your strength (-2).
   Int:       It affects your intelligence (+8).
   Will:      It increases your willpower.
 x - the +7 mace "Xovar" {vorpal, Str+7}
   (You found it on level 3 of the Dungeon)

   It inflicts extra damage upon your enemies.
   Str:       It affects your strength (+7).
Missiles
 t - a throwing net
Jewellery
 q - a +6 ring of intelligence (right tentacle)
 u - a +4 ring of protection (left tentacle)
Wands
 s - a wand of flame (16)
Scrolls
 b - a scroll of summoning {unknown}
 d - 7 scrolls of identify {unknown}
 f - a scroll of teleportation {unknown}
 g - a scroll of fear {unknown}
 h - a scroll of poison {unknown}
 j - 2 scrolls of magic mapping {unknown}
 l - 2 scrolls of acquirement {unknown}
 m - a scroll of enchant weapon {unknown}
 n - a scroll of vulnerability {unknown}
 o - a scroll of amnesia {unknown}
 w - a scroll of noise {unknown}
Potions
 a - a potion of magic
 c - 4 potions of heal wounds {unknown}
 i - a potion of lignification {unknown}
 p - 2 potions of curing {unknown}
 v - 2 potions of degeneration {unknown}
 z - a potion of berserk rage {unknown}


   Skills:
 * Level 1.1 Fighting
 - Level 2.0 Dodging
 + Level 3.0 Stealth
 + Level 3.0 Spellcasting
 + Level 2.6 Transmutations
 + Level 3.9 Earth Magic


You had 5 spell levels left.
You knew the following spells:

 Your Spells              Type           Power      Damage    Failure   Level
a - Sandblast             Erth           62%        2d14      1%          1
p - Petrify               Tmut/Erth      27%        N/A       14%         4

Your spell library contained the following spells:

 Spells                   Type           Power      Damage    Failure   Level
 Passwall                 Tmut/Erth      22%        N/A       2%          2
 Stone Arrow              Conj/Erth      36%        3d9       8%          3


Dungeon Overview and Level Annotations

Branches:
Dungeon (4/15)
 Temple: D:4-7

Altars:
Ashenzari
Dithmenos
Gozag
Kikubaaqudgha
Makhleb
Okawaru
Qazlal
Sif Muna
Trog
Vehumet
The Shining One

Shops:
D:1 :

Annotations:
D:3 3 runed translucent doors, engelados's ghost, amateur DECj


Innate Abilities, Weirdness & Mutations

You cannot wear most types of armour.
You are amphibious.
You can wear up to eight rings at the same time.
Your skin changes colour to match your surroundings (Stealth+).
Your rubbery body absorbs attacks. (AC +1, EV +1)
((You are camouflaged when in or above water. (Stealth+)))
You have tentacles for arms and can constrict up to eight enemies at once.


Message History

An orc and an orc wizard come into view.
Found a scroll labelled HIGIDU WOTUQ.
There are monsters nearby!
There are monsters nearby!
There are monsters nearby!
There are monsters nearby!
An orc and a giant cockroach come into view.
The blast of sand hits the orc wizard but does no damage.
The orc shouts! x2; You hear a shout! x2
Something hits the plant.
The plant begins to die.
You hear a shout!
An orc priest and an orc come into view.
The orc shouts!
The orc priest hits the bush with a +0 whip.
The blast of sand misses the orc wizard.
The orc priest hits the plant with a +0 whip.
The orc wizard barely misses you.
The orc priest hits the plant with a +0 whip.
The orc wizard misses you. The orc misses you.
The blast of sand hits the orc wizard!
The orc wizard is heavily wounded.
A nearby plant withers and dies.
The giant cockroach closely misses you.
The orc wizard hits you with a +0 dagger.
The orc hits you but does no damage.
The blast of sand hits the orc wizard.
The orc wizard is almost dead.
The giant cockroach completely misses you.
The orc wizard points at you and mumbles some strange words.
The puff of flame hits you. The orc hits you with a +0 flail.
The orc barely misses you. The giant cockroach closely misses you.
The orc hits you with a +0 mace.
The orc wizard gestures at you while chanting.
The puff of flame hits you! The orc hits you with a +0 flail.
* * * LOW HITPOINT WARNING * * *
The orc barely misses you.
The giant cockroach attacks as you move away!
The giant cockroach barely misses you.
The orc priest calls down the wrath of Beogh upon you.
Beogh smites you!
You die...

...#...P♣ PP
#.......♣♣♣♣♣..
#........P...#
#..?.oPPP..#
#........# ##.oo....#
#...oo...#
.....♣♣BP..## ..P
♣♣♣@.## ♣ ♣♣.P..##
♣......# ....P.##.#
P.....# #.## .P...#
##.# ..... ####.## #
.....##.....#######..
....................


You could see an orc priest, an orc wizard, 3 orcs and a giant cockroach.

Vanquished Creatures
  An orc wizard (D:3)
  4 adders
  3 worms
  2 dart slugs
  5 orcs
  3 bats
  6 endoplasms
  2 giant cockroaches
  3 goblins
  7 hobgoblins
  4 ball pythons
  5 frilled lizards
  5 kobolds
  6 rats
56 creatures vanquished.

Vanquished Creatures (others)
  7 plants (D:4)
7 creatures vanquished.

Grand Total: 63 creatures vanquished

Notes
Turn   | Place    | Note
-------+----------+-------------------------------------------
     0 | D:1      | Atelerd the Octopode Earth Elementalist began the quest for
                  | the Orb.
     0 | D:1      | Reached XP level 1. HP: 11/11 MP: 3/3
   439 | D:1      | Noticed a floating eye
   441 | D:1      | Found a faded altar of an unknown god.
   447 | D:1      | Noticed an eye of devastation
   451 | D:1      | Noticed a floating eye
   456 | D:1      | Noticed an eye of devastation
   463 | D:1      | Reached XP level 2. HP: 15/17 MP: 0/5
   715 | D:1      | Found an ancient bone altar of Kikubaaqudgha.
  1095 | D:1      | Found Acemmol's Book Shop.
  1407 | D:2      | Reached XP level 3. HP: 21/21 MP: 3/6
  1481 | D:2      | Identified the +5 spear "Ituseaxi" {vorpal, Will+ Str-2
                  | Int+8}
  1963 | D:2      | Reached XP level 4. HP: 27/27 MP: 6/8
  2282 | D:3      | Found a runed translucent gate.
  2288 | D:3      | Learned a level 4 spell: Petrify
  2288 | D:3      | Found a runed translucent gate.
  2292 | D:3      | Found a runed translucent gate.
  2292 | D:3      | Noticed engelados's ghost (amateur DECj)
  2503 | D:3      | Found a burning altar of Makhleb.
  2503 | D:3      | Found a radiant altar of Vehumet.
  2503 | D:3      | Found a broken altar of Ashenzari.
  2504 | D:3      | Found a stormy altar of Qazlal.
  2504 | D:3      | Found a shadowy altar of Dithmenos.
  2504 | D:3      | Found a bloodstained altar of Trog.
  2505 | D:3      | Found a shimmering blue altar of Sif Muna.
  2505 | D:3      | Found an iron altar of Okawaru.
  2506 | D:3      | Found an ancient bone altar of Kikubaaqudgha.
  2507 | D:3      | Found an opulent altar of Gozag.
  2507 | D:3      | Found a glowing golden altar of the Shining One.
  2515 | D:3      | Became a worshipper of Sif Muna the Loreminder
  2547 | D:3      | Reached skill level 1 in Fighting
  2547 | D:3      | Reached XP level 5. HP: 26/33 MP: 7/9
  2684 | D:3      | Identified the +7 mace "Xovar" {vorpal, Str+7}
  3179 | D:4      | Killed from afar by an orc priest

Illustrated notes

Levels and vault maps discovered:
D:1:      dpeg_arrival_water_altar, layout_basic, serial_shops, shop,
          hellmonk_ecumenical_altar_watching_god
D:2:      layout_basic
D:3:      layout_basic, nicolae_overflows_in_rows, gammafunk_ghost_split
D:4:      layout_cave_pods, serial_forest, infiniplex_forest_clump_double,
          infiniplex_forest_clump_long, infiniplex_forest_clump_C,
          infiniplex_forest_straight_3, infiniplex_forest_straight_2,
          infiniplex_forest_lined_2, infiniplex_forest_lined_corner,
          infiniplex_forest_clump_small, infiniplex_forest_straight_2,
          minmay_misc_feat_rugged, grunt_decor_clamped, skrybe_limestone_x,
          st_stairs_11, moated_statue, dreamdust_princess_bridge

Skill      XL: |  1  2  3  4 |
---------------+-------------+-----
Transmutations | 2 |  2.6
Fighting       | 1 |  1.1
Stealth        | 3 |  3.0
Spellcasting   | 3 |  3.0
Dodging        | |  2.0
Earth Magic    | |  3.9

Action                   |  1- 3 |  4- 6 || total
-------------------------+-------+-------++-------
Melee: Dagger            |    10 |       ||    10
       Constrict         |     9 |     6 ||    15
       Tentacles         |     4 |     3 ||     7
       Unarmed           |     1 |       ||     1
       Mace              |     9 |       ||     9
       Spear             |     4 |    38 ||    42
 Cast: Sandblast         |    28 |    19 ||    47
 Stab: Sleeping          |     1 |     8 ||     9
Armor: Skin              |       |     5 ||     5
Dodge: Dodged            |    19 |    20 ||    39
